 Dungeon Crawl Stone Soup version 0.21-a0-150-gc243083 (webtiles) character file.

708581 4thArraOfDagon the Impregnable (level 27, -4/197 (204) HPs)
             Began as a Demigod Wizard on July 25, 2017.
             Slain by a freezing wraith (7 damage)
             ... summoned by a mummy priest
             ... on level 2 of the Tomb of the Ancients on July 26, 2017.
             The game lasted 03:57:45 (41617 turns).

4thArraOfDagon the Impregnable (Demigod Wizard)    Turns: 41617, Time: 03:57:45

HP:   -4/197 (204)  AC: 34    Str: 23    XL:     27
MP:   52/55         EV: 16    Int: 33    God:
Gold: 2005          SH:  0    Dex: 19    Spells: 3/52 levels left

rFire    + + .     SeeInvis +   e - +9 battleaxe (vamp)
rCold    + + .     Gourm    .   (shield currently unavailable)
rNeg     + + +     Faith    .   J - +9 scales of the Dragon King {rPois rF+ rC+ MR+}
rPois    +         Spirit   .   C - +2 hat {SInv}
rElec    .         Reflect  .   M - scarf of Siot {rN+} (curse)
rCorr    .         Harm     .   F - +2 pair of gloves {Str+3}
MR       +++..                  d - +2 pair of boots {run}
Stlth    ..........             A - amulet of the Princeling {RegenMP *Contam rC+ MP+9 Int+3}
HPRegen  1.42/turn              P - ring "Nuheof" {Wiz rPois rN+++ Dex+2 Stlth-}
MPRegen  0.34/turn              N - ring "Maleyvel" {*Slow rF+ Dex+3 Slay+2}

@: corroded, regenerating (expiring), slowed, studying Necromancy, very slow
A: repulsion field 1, thin skeletal structure 1, yellow scales 1, clumsy 1,
frail 1, high mp 1, mutation resistance 1, poison resistance
}: 4/15 runes: decaying, serpentine, slimy, silver
a: no special abilities


You were on level 2 of the Tomb of the Ancients.
You were not hungry.

You visited 12 branches of the dungeon, and saw 56 of its levels.
You visited the Abyss 1 time.
You visited 1 ziggurat, and saw 11 of its levels.
You also visited: Labyrinth, Trove, Volcano and Desolation.

You collected 4932 gold pieces.
You spent 2927 gold pieces at shops.

Inventory:

Hand Weapons
 e - a +9 vampiric battleaxe (weapon)
 Y - the +5 battleaxe of the Saviour {chop, +Blink rC+ rN+ Int+2}
   (You found it on level 3 of the Depths)

   It inflicts extra damage upon your enemies.
   It affects your intelligence (+2).
   It protects you from cold.
   It protects you from negative energy.
   It lets you blink.
Armour
 d - a +2 pair of boots of running (worn)
 C - a +2 hat of see invisible (worn)
 F - a +2 pair of gloves of strength (worn)
 H - the +0 pair of fencer's gloves {+Riposte Dex+3}
   (You found it on level 7 of a ziggurat)

   It affects your dexterity (+3).
 J - the +9 scales of the Dragon King (worn) {rPois rF+ rC+ MR+}
   (You found it on level 7 of the Dungeon)

   It protects you from fire.
   It protects you from cold.
   It protects you from poison.
   It affects your resistance to hostile enchantments.
 M - the cursed scarf of Siot (worn) {rN+}
   (You bought it in a shop on level 2 of the Orcish Mines)

   It protects you from negative energy.
   It has a curse placed upon it.
 Z - the +6 shield "Liamnill" {rElec Regen+ MP-9 Int+6}
   (You acquired it on level 5 of the Depths)

   It affects your intelligence (+6).
   It insulates you from electricity.
   It affects your magic capacity (-9).
   It increases your rate of regeneration.
Jewellery
 j - the ring of Quanodyi {Fire Int+4}
   (You found it in the Desolation of Salt)

   [ring of fire]

   It enhances your fire magic.
   It affects your intelligence (+4).
   It protects you from fire.
   It makes you vulnerable to cold.
 A - the amulet of the Princeling (around neck) {RegenMP *Contam rC+ MP+9 Int+3}
   (You took it off a deep elf elementalist on level 3 of the Elven Halls)

   [amulet of magic regeneration]

   It increases your magic regeneration.
   It affects your intelligence (+3).
   It protects you from cold.
   It affects your magic capacity (+9).
   It causes magical contamination when unequipped.
 N - the ring "Maleyvel" (right hand) {*Slow rF+ Dex+3 Slay+2}
   (You took it off a deep elf elementalist on level 3 of the Elven Halls)

   [ring of protection from fire]

   It affects your dexterity (+3).
   It affects your accuracy and damage with ranged weapons and melee attacks
   (+2).
   It protects you from fire.
   It may slow you when you take damage.
 P - the ring "Nuheof" (left hand) {Wiz rPois rN+++ Dex+2 Stlth-}
   (You found it in the Desolation of Salt)

   [ring of wizardry]

   It improves your spell success rate.
   It affects your dexterity (+2).
   It protects you from poison.
   It renders you almost immune to negative energy.
   It makes you less stealthy.
 T - an uncursed ring of resist corrosion
 X - an uncursed amulet of regeneration
Wands
 l - a wand of scattershot (8/9)
 q - a wand of clouds (3/9)
 r - a wand of digging (13/24)
 y - a wand of clouds (4/9)
 G - a wand of digging (7/24)
Scrolls
 a - 5 scrolls of magic mapping
 f - 3 scrolls of fear
 g - 10 scrolls of remove curse
 m - 7 scrolls of fog
 n - 2 scrolls of blinking
 o - 5 scrolls of teleportation
 s - 6 scrolls of summoning
 x - 3 scrolls of identify
 z - 14 scrolls of recharging
 W - a scroll of holy word
Potions
 c - 2 potions of magic
 t - 4 potions of curing
 u - 5 potions of cancellation
 v - 2 potions of flight
 w - a potion of heal wounds
 E - a potion of resistance
 I - 11 potions of haste
 L - 5 potions of ambrosia
 O - 6 potions of mutation
 Q - a potion of invisibility
 R - 3 potions of might
 S - 7 potions of brilliance
 U - 3 potions of agility
Books
 b - a manual of Necromancy
Miscellaneous
 h - a fan of gales
 i - a phial of floods
 k - a lightning rod (4/4)
 p - 4 phantom mirrors
 D - 3 boxes of beasts
 K - a lamp of fire
Comestibles
 B - 17 meat rations
 V - 18 bread rations


   Skills:
 - Level 15.0 Fighting
 - Level 20.0 Axes
 - Level 24.1 Armour
 - Level 13.2 Dodging
 - Level 1.7 Stealth
 + Level 13.2 Spellcasting
 - Level 5.5 Conjurations
 - Level 6.0 Charms
   Level 0.8 Summonings
 - Level 8.7 Necromancy
 * Level 17.8 Translocations
 - Level 4.3 Evocations


You had 3 spell levels left.
You knew the following spells:

 Your Spells              Type           Power        Failure   Level  Hunger
a - Controlled Blink      Tloc           N/A          36%         8    ######.
b - Mephitic Cloud        Conj/Pois/Air  ####....     13%         3    None
c - Conjure Flame         Conj/Fire      #####...     9%          3    None
d - Blink                 Tloc           N/A          0%          2    None
e - Apportation           Tloc           ######       0%          1    None
f - Passwall              Tmut/Erth      ###.......   14%         2    None
g - Swiftness             Chrm/Air       #####...     4%          2    None
h - Passage of Golubria   Tloc           N/A          1%          4    None
i - Lee's Rapid Deconstr  Erth           ###.......   92%         5    None
j - Spectral Weapon       Hex/Chrm       #####...     9%          3    None
k - Regeneration          Chrm/Necr      ######....   1%          3    None
l - Deflect Missiles      Chrm/Air       #####.....   98%         6    ###....
m - Sublimation of Blood  Necr           ######....   1%          2    None
n - Dispel Undead         Necr           ######..     7%          5    None


Dungeon Overview and Level Annotations

Branches:
Dungeon (15/15)            Temple (0/1) D:5            Lair (6/6) D:8
  Swamp (4/4) Lair:4        Snake (4/4) Lair:4        Slime (5/5) Lair:5
    Orc (2/2) D:11            Elf (3/3) Orc:2        Vaults (5/5) D:14
  Crypt (3/3) Vaults:3       Tomb (2/3) Crypt:3      Depths (5/5) D:15
    Zot (2/5) Depths:5

Shops:
D:7 [=(   Orc:2 [*}*   Elf:2 =   Elf:3 !!:?   Snake:3 ?   Snake:4 =[

Portals:
Hell: Depths:2 Depths:3 Depths:4 Depths:5
Abyss: Depths:4
Pandemonium: Depths:3 Depths:4

Annotations:
D:4 grindst0ne's ghost, novice HOFE
D:12 Snorg
Snake:1 exclusion: orange crystal statue
Snake:2 Vashnia
Snake:3 Nikola
Slime:5 Dissolution
Elf:1 exclusion: Roxanne, Roxanne
Elf:2 3 runed doors
Vaults:5 Boris
Depths:4 Mara


Innate Abilities, Weirdness & Mutations

You have an increased reservoir of magic. (+10% MP)
You are surrounded by a mild repulsion field. (EV +2)
You have a somewhat thin skeletal structure. (Dex +2, Stealth)
You are partially covered in yellow scales. (AC +2)
You are clumsy. (Dex -2)
You are frail. (-10% HP)
You are somewhat resistant to further mutation.
Your system is resistant to poisons. (rPois)


Message History

* * * LOW HITPOINT WARNING * * *
The death scarab drains your vigour!
You feel as though you will be slow longer.
The death scarab bites you.
* * * LOW HITPOINT WARNING * * *
The death scarab drains your vigour!
You feel as though you will be slow longer.
The freezing wraith completely misses you. x2
The mummy priest utters an invocation to its god.
Unknown command.
You hit the wight.
The wight is moderately damaged.
You slash the freezing wraith!
You hit the death scarab but do no damage.
Your skin is crawling a little less now.
The death scarab bites you but does no damage.
The freezing wraith hits you.
* * * LOW HITPOINT WARNING * * *
The freezing wraith freezes you! You resist.
You die...

******####**######
,,,,,*.....,#....#
,,,,,*.....,#^^^.#
,,,,,+......#....#
,,,,,*...^4M#^...#
,,,,,*......†.^^.#
************#'####
,,,,,,,,,,,,#†Vs@#
,,,,,,**,,,,#†MWz#
*,,,,,****,,#^.^^#
...,,,,,**,,#.^..#
..#*,,,,,,,,#^..^#
..##.,,,,,,,#....#
M....,,,,,,,#..=.#
M....,,,,,,,#.^^.#
.....,,,,,,,#....#


You could see a mummy priest, a jiangshi, a freezing wraith, a death scarab and
a wight.

Vanquished Creatures
  3 ancient liches
  An orb of fire (Zot:1)
  Mennas (Vaults:3)
  Sojobo (Vaults:5)
  A juggernaut (Depths:5)
  Boris (Vaults:4)
  A greater mummy (Zig:3)
  Bai Suzhen (Vaults:4)
  Xtahua (Vaults:5)
  5 golden dragons
  A bone dragon (Zig:10)
  Jory (Depths:3)
  An electric golem (Zot:1)
  9 tentacled monstrosities
  Asterion (Depths:3)
  3 liches
  4 quicksilver dragons
  7 titans (Vaults:5)
  4 deep elf master archers (Elf:3)
  A deep elf blademaster (Elf:3)
  11 sphinxes
  2 ancient champions
  17 acid blobs
  A death cob (Zot:1)
  3 tentacled starspawn (Abyss:3)
  6 tengu reavers
  8 shadow dragons
  Kirke (Lair:4)
  A daeva (Zig:8)
  Donald (Swamp:1)
  6 storm dragons
  Gastronok (D:11)
  2 revenants
  11 azure jellies
  9 fire giants
  2 draconian knights (Zot:1)
  10 deep elf sorcerers
  2 blood saints (Zig:11)
  A caustic shrike zombie (Zig:10)
  7 frost giants
  2 imperial myrmidons (Desolation)
  9 nagarajas
  4 curse skulls
  2 draconian scorchers
  15 vault wardens
  15 very ugly things
  A draconian shifter (Zot:1)
  5 draconian annihilators
  A caustic shrike skeleton (Zig:10)
  A draconian stormcaller (Zot:1)
  2 green draconians
  5 deep elf elementalists
  16 stone giants
  4 war gargoyles
  13 ironheart preservers
  6 reapers
  2 entropy weavers
  Nessos (Lair:4)
  2 bennus (Tomb:1)
  A corrupter (Zig:8)
  5 vampire knights
  4 black draconians
  11 deep elf annihilators (Elf:3)
  A dire elephant (Depths:3)
  2 white draconians (Depths:5)
  2 purple draconians (Zot:1)
  9 deep elf demonologists
  2 yellow draconians
  4 death oozes (Slime:5)
  2 red draconians
  A spark wasp (Depths:4)
  15 deep elf death magi
  9 ettins
  3 crystal guardians (Desolation)
  4 eidola (Crypt:3)
  11 great orbs of eyes
  A merfolk impaler (Depths:1)
  6 mummy priests
  13 fire dragons
  A minotaur (Lab)
  7 jiangshi
  13 ice dragons
  15 deep elf high priests
  18 yaktaur captains
  2 quicksilver dragon zombies (Crypt:3)
  13 naga warriors
  35 vault guards
  3 quicksilver dragon skeletons (Crypt:3)
  5 rakshasas
  A ghost crab (Swamp:2)
  8 servants of whispers (Desolation)
  5 ragged hierophants (Desolation)
  3 peacekeepers (Desolation)
  Erolcha (Orc:1)
  2 catoblepae (Depths:3)
  22 hydras
  8 anacondas
  3 spriggan air magi
  A caustic shrike simulacrum (Depths:2)
  4 centaur warriors
  A hell beast (Tomb:2)
  6 dancing weapons
  6 death knights
  52 two-headed ogres
  8 alligators
  16 ogre magi
  A death yak (Depths:3)
  7 death scarabs (Tomb:2)
  4 deep troll earth magi
  A hell hog (Zig:8)
  6 vampire magi
  4 tengu warriors
  20 naga sharpshooters
  A thrashing horror (Abyss:3)
  3 orc high priests
  7 spriggan berserkers
  13 deep elf knights
  A wretched star (Zig:8)
  4 soul eaters (Crypt:3)
  12 shock serpents
  3 hell knights
  A fire crab (Swamp:4)
  A storm dragon zombie (Depths:1)
  6 shadow wraiths
  A ghost moth zombie (Crypt:3)
  A storm dragon skeleton (Vaults:2)
  18 skeletal warriors
  7 salamander mystics
  10 sea snakes
  4 unseen horrors
  7 swamp dragons
  6 flayed ghosts
  A spriggan druid (Depths:3)
  8 glowing orange brains
  4 wizards
  A shadow demon (Depths:3)
  10 naga ritualists
  13 deep elf archers
  A lindwurm (Swamp:4)
  20 deep trolls
  11 phantasmal warriors
  A shadow dragon zombie (Crypt:3)
  19 necromancers
  16 orc knights
  A harpy (shapeshifter) (Elf:3)
  20 ironbrand convokers
  4 harpies (Vaults:1)
  An anaconda skeleton (Volcano)
  3 shambling mangroves
  8 mana vipers
  2 mana vipers (shapeshifter)
  An orb spider (shapeshifter) (Depths:1)
  3 shining eyes
  13 orc sorcerers
  24 deep elf magi
  2 worldbinders (Abyss:3)
  36 ugly things
  5 wolf spiders
  A stone giant zombie (Depths:2)
  9 oklob plants (Zig:11)
  A human zombie (Vaults:3)
  A fire giant zombie (Crypt:3)
  A sphinx skeleton (Depths:1)
  20 salamanders
  A frost giant zombie (Crypt:3)
  6 cyclopes
  2 fire giant skeletons
  An iron dragon skeleton (Crypt:3)
  2 guardian serpents (shapeshifter)
  3 manticores
  A dire elephant zombie (Crypt:3)
  2 stone giant skeletons
  7 moths of wrath (Zot:1)
  21 vault sentinels
  Maurice (D:10)
  2 rust devils (Depths:3)
  5 guardian serpents
  An elf zombie (Zig:10)
  25 naga magi
  An eye of devastation (Zig:7)
  A black mamba (shapeshifter) (Vaults:4)
  A spiny frog (shapeshifter) (Vaults:5)
  2 molten gargoyles (Desolation)
  3 gargoyles (Volcano)
  27 black mambas
  A dire elephant skeleton (Tomb:1)
  An emperor scorpion zombie (Crypt:3)
  17 spiny frogs
  2 torpor snails (Zig:4)
  A yellow draconian zombie (Crypt:1)
  A storm dragon simulacrum (Vaults:1)
  A rime drake (Lair:2)
  3 hellions (Zig:10)
  36 yaktaurs
  A tormentor (Zig:10)
  A yaktaur zombie (Vaults:3)
  2 komodo dragons (Lair:6)
  17 freezing wraiths
  A yaktaur (shapeshifter) (Elf:1)
  A red devil (Depths:3)
  3 tengu conjurers
  A white draconian skeleton (Crypt:2)
  2 elf skeletons
  10 hellwings (Crypt:3)
  4 ancient zymes
  2 hydra zombies (Crypt:3)
  4 human skeletons
  11 guardian mummies
  6 trolls
  A death yak skeleton (Crypt:1)
  18 hornets
  3 polar bears (Lair:6)
  2 blink frogs (Lair:5)
  3 meliai (shapeshifter)
  A sphinx simulacrum (Vaults:1)
  A harpy skeleton (Volcano)
  49 saltlings (Desolation)
  4 large abominations
  2 bog bodies
  7 tyrant leeches
  An ettin zombie (Crypt:3)
  An alligator zombie (Crypt:3)
  2 slime creatures (shapeshifter)
  A raiju (Zig:8)
  A frost giant simulacrum (Vaults:1)
  90 slime creatures
  8 dream sheep
  2 spriggan zombies
  21 flying skulls
  5 hippogriffs
  A ynoxinul (Depths:3)
  An ice dragon skeleton (Crypt:3)
  A redback (shapeshifter) (Depths:4)
  10 air elementals
  A fire dragon skeleton (Crypt:3)
  A yak (shapeshifter) (Depths:4)
  18 spriggans
  48 yaks
  A black mamba skeleton (Crypt:3)
  18 wraiths
  5 shadows
  2 water elementals
  4 wyverns
  7 ushabtiu
  6 fire bats
  2 fire elementals (Elf:1)
  10 hungry ghosts (Lab)
  10 golden eyes
  5 basilisks
  6 hogs
  3 steam dragons (Swamp:4)
  10 vampire mosquitoes
  12 insubstantial wisps
  Edmund (D:6)
  4 wargs
  60 nagas
  9 swamp worms
  5 water moccasins
  A water moccasin (shapeshifter) (Elf:2)
  A hell hound (Depths:3)
  4 acid dragons
  A floating eye (shapeshifter) (Depths:1)
  A floating eye (Depths:5)
  10 small abominations
  5 porcupines
  A spiny frog skeleton (Crypt:3)
  7 swamp drakes
  3 ice beasts
  6 sky beasts
  An eye of draining (Slime:5)
  2 orc zombies
  46 orc warriors
  A necrophage (D:11)
  A swamp dragon zombie (Crypt:3)
  9 boggarts
  39 ogres
  2 phantoms
  35 wolves
  4 black bears
  3 centaurs
  18 crocodiles
  5 big kobolds
  15 bullfrogs
  Blork the orc (D:4)
  A glowing shapeshifter simulacrum (Vaults:3)
  4 earth elementals
  A gnoll sergeant (D:10)
  2 wyvern skeletons
  3 scorpions
  A scorpion (shapeshifter) (Vaults:5)
  An elf simulacrum (Vaults:3)
  9 killer bees
  2 troll skeletons (Volcano)
  5 electric eels (Snake:3)
  3 spriggan skeletons
  16 wights
  A howler monkey (D:11)
  A wolf skeleton (Crypt:1)
  6 crimson imps
  A lava snake (Swamp:4)
  3 centaur zombies
  5 jellies
  A quasit (D:10)
  8 hounds
  13 orc priests
  3 centaur skeletons
  An iguana (D:11)
  22 orc wizards
  13 worker ants
  2 big kobold zombies
  A demigod zombie (Crypt:2)
  A naga skeleton (Volcano)
  3 ogre skeletons (Lab)
  12 mummies
  3 worker ant zombies
  15 gnolls
  10 adders
  3 shadow imps
  A white imp (Depths:4)
  An iguana zombie (Crypt:2)
  An adder skeleton (D:7)
  An adder zombie (Crypt:2)
  2 worms (D:3)
  A dart slug (D:3)
  7 leopard geckos
  74 orcs
  9 bats
  3 giant cockroaches
  7 goblins
  3 hobgoblins (D:2)
  17 jackals
  4 quokkas
  2 frilled lizards
  2 giant cockroach zombies
  A hobgoblin skeleton (Crypt:1)
  A jackal skeleton (Crypt:2)
  14 kobolds
  A kobold zombie (Crypt:1)
  A leopard gecko skeleton (D:8)
  A quokka skeleton (D:8)
  7 rats
  6 crawling corpses
  A fire vortex (Swamp:4)
  2 fungi
  9 plants
  2 starspawn tentacles (Abyss:3)
  6 withered plants (Crypt:3)
2344 creatures vanquished.

Vanquished Creatures (collateral kills)
  the Royal Jelly (Slime:5)
  2 acid blobs (Zig:7)
  A storm dragon (Zot:1)
  A white draconian (Zot:1)
  An orc high priest (Orc:2)
  A tengu warrior (D:12)
  An ugly thing (D:11)
  2 shining eyes
  A moth of wrath (Zot:1)
  A komodo dragon (D:11)
  A tengu conjurer (D:12)
  A wraith (D:12)
  A soldier ant (D:13)
  A phantom (D:11)
  2 ogres (D:11)
  A centaur (D:11)
  A wight (D:13)
  A kobold (D:11)
21 creatures vanquished.

Vanquished Creatures (others)
  A lich (Crypt:3)
  A sphinx (Tomb:1)
  An ogre mage (Depths:1)
  An alligator (Lair:4)
  4 death scarabs (Tomb:2)
  A wretched star (Zig:8)
  An ironbrand convoker (Vaults:4)
  A lindwurm (Swamp:4)
  A shock serpent skeleton (Tomb:2)
  A spriggan (Lair:6)
  4 steam dragons (Swamp:4)
  A vampire mosquito (Swamp:4)
  5 swamp drakes (Swamp:4)
  A boggart (Vaults:1)
  An ogre (Vaults:5)
  A mummy (Tomb:1)
  5 bushes (Depths:3)
  A fire vortex (Depths:3)
  25 fungi
  52 plants
  A spectral weapon (Crypt:2)
  11 starspawn tentacles (Abyss:3)
  2 withered plants (Crypt:3)
123 creatures vanquished.

Grand Total: 2488 creatures vanquished

Notes
Turn   | Place    | Note
-------+----------+-------------------------------------------
     0 | D:1      | 4thArraOfDagon the Demigod Wizard began the quest for the Orb.
     0 | D:1      | Reached XP level 1. HP: 14/14 MP: 6/6
    23 | D:2      | Reached skill level 1 in Conjurations
   209 | D:2      | Found a deep blue altar of Sif Muna.
   236 | D:2      | Found a blossoming altar of Fedhas.
   308 | D:3      | Reached XP level 2. HP: 20/20 MP: 8/8
   363 | D:2      | Reached XP level 3. HP: 7/26 MP: 0/10
   679 | D:2      | Learned a level 3 spell: Mephitic Cloud
   683 | D:2      | Learned a level 3 spell: Conjure Flame
   910 | D:1      | You fall through a shaft!
  1044 | D:3      | Reached XP level 4. HP: 33/33 MP: 9/11
  1057 | D:3      | Learned a level 2 spell: Blink
  1337 | D:4      | Noticed a phantom
  1529 | D:4      | Reached XP level 5. HP: 38/38 MP: 12/12
  1561 | D:4      | Noticed an ogre
  1562 | D:4      | Noticed Blork the orc
  1596 | D:4      | Killed an ogre
  1596 | D:4      | Reached skill level 5 in Conjurations
  1635 | D:4      | Killed Blork the orc
  1635 | D:4      | Reached XP level 6. HP: 45/45 MP: 14/14
  1812 | D:4      | Reached skill level 1 in Fighting
  1847 | D:4      | Noticed grindst0ne's ghost (novice HOFE)
  1880 | D:5      | Entered Level 5 of the Dungeon
  2062 | D:6      | Noticed Edmund
  2073 | D:6      | Killed Edmund
  2142 | D:6      | Reached XP level 7. HP: 28/56 MP: 15/15
  2178 | D:5      | Found a staircase to the Ecumenical Temple.
  2206 | D:5      | Found a snail-covered altar of Cheibriados.
  2391 | D:6      | Found a sparkling altar of Nemelex Xobeh.
  2768 | D:6      | Reached skill level 1 in Axes
  2768 | D:6      | Reached skill level 5 in Dodging
  2799 | D:6      | Reached XP level 8. HP: 51/66 MP: 16/16
  2954 | D:7      | HMM
  3051 | D:7      | Reached skill level 1 in Armour
  3090 | D:7      | Got a heavily runed chain mail
  3112 | D:7      | Identified the +8 chain mail of Pufur {-Cast Regen+ Str+3} (You found it on level 7 of the Dungeon)
  3121 | D:7      | Found Mommuinna's Antique Weapon Shoppe.
  3148 | D:7      | Reached skill level 2 in Armour
  3193 | D:7      | Found Hionix's Jewellery Emporium.
  3290 | D:7      | Found a shimmering altar of Xom.
  3453 | D:7      | Found Nueschul's Armour Boutique.
  3505 | D:7      | Reached skill level 3 in Armour
  4146 | D:8      | Found a basalt altar of Yredelemnul.
  4297 | D:8      | Noticed a dream sheep
  4355 | D:8      | Reached skill level 1 in Evocations
  4379 | D:8      | Noticed a dream sheep
  4396 | D:8      | Reached skill level 5 in Axes
  4396 | D:8      | Reached skill level 4 in Armour
  4396 | D:8      | Reached XP level 9. HP: 59/71 MP: 17/17
  4428 | D:8      | Noticed a three-headed hydra
  4450 | D:8      | Killed a one-headed hydra
  4450 | D:8      | Reached skill level 5 in Armour
  4670 | D:8      | Found a shattered altar of Ashenzari.
  4848 | D:9      | Noticed a two-headed ogre
  4863 | D:9      | Killed a two-headed ogre
  4863 | D:9      | Reached skill level 6 in Armour
  4961 | D:10     | Entered Level 10 of the Dungeon
  5076 | D:9      | Noticed a two-headed ogre
  5123 | D:9      | Killed a two-headed ogre
  5123 | D:9      | Reached XP level 10. HP: 59/78 MP: 0/18
  5609 | D:9      | Reached skill level 7 in Armour
  5851 | D:9      | Noticed a cyclops
  5982 | D:9      | Found a bloodstained altar of Trog.
  6123 | D:10     | Noticed Maurice
  6141 | D:10     | Killed Maurice
  6172 | D:10     | Gained mutation: Your system is resistant to poisons. (rPois) [mutagenic meat]
  6173 | D:10     | Gained mutation: You do not regenerate when monsters are visible. [mutagenic meat]
  6174 | D:10     | Gained mutation: You have a somewhat thin skeletal structure. (Dex +2, Stealth) [mutagenic meat]
  6175 | D:10     | Gained mutation: You are robust. (+10% HP) [mutagenic meat]
  6510 | D:10     | :O
  6684 | D:11     | Noticed a green ugly thing
  6688 | D:11     | Killed a green ugly thing
  6688 | D:11     | Reached skill level 8 in Armour
  6691 | D:11     | Lost mutation: You are robust. (+10% HP) [mutagenic meat]
  6692 | D:11     | Gained mutation: You expend magic power (3 MP) to strengthen your wands. [mutagenic meat]
  6693 | D:11     | Gained mutation: You evolve. [mutagenic meat]
  6694 | D:11     | Lost mutation: You evolve. [mutagenic meat]
  6698 | D:11     | Gained mutation: You are surrounded by a mild repulsion field. (EV +2) [mutagenic meat]
  6699 | D:11     | Gained mutation: You are somewhat resistant to further mutation. [mutagenic meat]
  7050 | D:12     | Noticed Snorg
  7067 | D:12     | Reached XP level 11. HP: 51/84 MP: 19/19
  7155 | D:12     | Noticed a tengu warrior
  7157 | D:12     | Noticed a tengu warrior
  7163 | D:12     | Killed a tengu warrior
  7163 | D:12     | Reached skill level 9 in Armour
  7167 | D:12     | Killed a tengu warrior
  7326 | D:13     | Found a snail-covered altar of Cheibriados.
  7385 | D:13     | Found a labyrinth entrance.
  7385 | D:13     | Noticed a two-headed ogre
  7393 | D:13     | Killed a two-headed ogre
  7393 | D:13     | Reached skill level 10 in Axes
  7405 | Lab      | Entered a labyrinth
  7803 | Lab      | Reached skill level 10 in Armour
  8123 | Lab      | Noticed a minotaur
  8132 | Lab      | Killed a minotaur
  8145 | Lab      | Got a warped wooden ring
  8146 | Lab      | Got pitted ice dragon scales
  8167 | Lab      | Identified the cursed +0 ice dragon scales of Satisfaction {rPois rF- rC++ Dex+4 Stlth+} (You took it off a minotaur in a labyrinth)
  8185 | Lab      | Learned a level 1 spell: Apportation
  8186 | Lab      | Identified the ring "Fixicim" {MP+9 Int+4 SInv} (You took it off a minotaur in a labyrinth)
  8536 | D:12     | Noticed a two-headed ogre
  8624 | D:12     | Killed a two-headed ogre
  8737 | D:14     | Found an opulent altar of Gozag.
  8777 | D:15     | Entered Level 15 of the Dungeon
  9011 | D:15     | Reached skill level 11 in Armour
  9011 | D:15     | Reached XP level 12. HP: 87/91 MP: 20/20
  9131 | D:14     | Gained mutation: You are robust. (+10% HP) [mutagenic meat]
  9246 | D:14     | Noticed a four-headed hydra
  9485 | D:11     | Noticed Gastronok
  9558 | D:11     | Killed Gastronok
  9757 | D:11     | Reached skill level 12 in Armour
  9940 | D:10     | Lost mutation: You do not regenerate when monsters are visible. [potion of mutation]
  9940 | D:10     | Lost mutation: You expend magic power (3 MP) to strengthen your wands. [potion of mutation]
  9940 | D:10     | Lost mutation: You are robust. (+10% HP) [potion of mutation]
 10113 | D:11     | Found a roughly hewn altar of Beogh.
 10115 | D:11     | Found a staircase to the Orcish Mines.
 10134 | Orc:1    | Entered Level 1 of the Orcish Mines
 10362 | Orc:2    | Entered Level 2 of the Orcish Mines
 10381 | Orc:2    | Found a staircase to the Elven Halls.
 10732 | Orc:1    | Noticed Erolcha
 10751 | Orc:1    | Killed Erolcha
 11123 | Orc:2    | Reached XP level 13. HP: 94/96 MP: 21/21
 11229 | Orc:2    | Found Foyd's Armour Boutique.
 11315 | Orc:2    | Found Elalekul's Assorted Antiques.
 11316 | Orc:2    | Found Tyacreq's Assorted Antiques.
 11320 | Orc:2    | Reached skill level 13 in Armour
 11327 | Orc:2    | Found Pyqexzef's Gadget Shoppe.
 11330 | Orc:2    | Bought a scroll of magic mapping for 98 gold pieces
 11330 | Orc:2    | Bought a dark potion for 25 gold pieces
 11333 | Orc:2    | Bought a wand of digging (6/24) for 200 gold pieces
 11352 | Orc:2    | Bought the cursed scarf of Siot {rN+} for 211 gold pieces
 11352 | Orc:2    | Bought the +2 shield of Resistance {rF+ rC+ MR+} for 657 gold pieces
 11647 | D:8      | Found a staircase to the Lair.
 11733 | Lair:1   | Entered Level 1 of the Lair of Beasts
 12116 | Lair:2   | Found a dark tunnel.
 12138 | Volcano  | Entered a volcano
 12922 | Lair:5   | Found a staircase to the Slime Pits.
 12960 | Lair:5   | Found a viscous altar of Jiyva.
 13024 | Lair:4   | Noticed Kirke
 13143 | Lair:6   | Entered Level 6 of the Lair of Beasts
 13184 | Lair:6   | Reached skill level 14 in Armour
 13678 | Lair:6   | Reached XP level 14. HP: 83/104 MP: 22/22
 14276 | Lair:4   | Found a staircase to the Snake Pit.
 14302 | Lair:4   | Noticed Nessos
 14328 | Lair:4   | Killed Nessos
 14414 | Lair:4   | Reached skill level 15 in Axes
 14743 | Elf:1    | Entered Level 1 of the Elven Halls
 14869 | Elf:2    | Reached skill level 15 in Armour
 14931 | Elf:2    | Found Luokk's Jewellery Shop.
 14972 | Elf:2    | Identified a scroll of acquirement
 14974 | Elf:2    | Got a brightly glowing iron amulet
 15003 | Elf:3    | Entered Level 3 of the Elven Halls
 15048 | Elf:3    | Found Rimaeth's Distillery.
 15056 | Elf:3    | Bought 2 potions of haste for 220 gold pieces
 15056 | Elf:3    | Bought a potion of resistance for 110 gold pieces
 15056 | Elf:3    | Bought a potion of heal wounds for 55 gold pieces
 15056 | Elf:3    | Bought a potion of curing for 33 gold pieces
 15056 | Elf:3    | Bought a potion of invisibility for 88 gold pieces
 15089 | Elf:3    | Found Lashen's Distillery.
 15097 | Elf:3    | Bought a potion of might for 64 gold pieces
 15097 | Elf:3    | Bought a potion of agility for 64 gold pieces
 15097 | Elf:3    | Bought a potion of might for 64 gold pieces
 15097 | Elf:3    | Bought a potion of might for 64 gold pieces
 15097 | Elf:3    | Bought a potion of haste for 160 gold pieces
 15097 | Elf:3    | Bought a potion of invisibility for 128 gold pieces
 15097 | Elf:3    | Bought a potion of agility for 64 gold pieces
 15097 | Elf:3    | Bought a potion of agility for 64 gold pieces
 15121 | Elf:3    | Found Raash's Book Boutique.
 15244 | Elf:3    | Identified the amulet "Zotoil" {Spirit MP-9 Int+9 Dex+2} (You acquired it on level 2 of the Elven Halls)
 15260 | Elf:3    | Found Bume's Magic Scroll Shoppe.
 15264 | Elf:3    | Bought a scroll of teleportation for 48 gold pieces
 15361 | Elf:3    | Cast into level 3 of the Abyss (a deep elf demonologist)
 15516 | Abyss:3  | Found a corrupted altar of Lugonu.
 15535 | Abyss:3  | Found a corrupted altar of Lugonu.
 15572 | Abyss:3  | Got a polished longbow
 15598 | Abyss:3  | Noticed a quicksilver dragon
 15623 | Abyss:3  | Noticed a tentacled starspawn
 15650 | Abyss:3  | Killed a tentacled starspawn
 15666 | Abyss:3  | Noticed a tentacled starspawn
 15684 | Abyss:3  | Noticed a tentacled starspawn
 15691 | Abyss:3  | Noticed a bone dragon
 15711 | Abyss:3  | Killed a tentacled starspawn
 15742 | Abyss:3  | Noticed a tentacled starspawn
 15769 | Abyss:3  | Killed a tentacled starspawn
 15789 | Abyss:3  | Noticed a ghoul
 15821 | Elf:3    | Escaped the Abyss
 15828 | Elf:3    | Noticed a deep elf sorcerer
 15839 | Elf:3    | Killed a deep elf sorcerer
 15921 | Elf:3    | Noticed a deep elf sorcerer
 15943 | Elf:3    | Killed a deep elf sorcerer
 15959 | Elf:3    | Noticed a deep elf sorcerer
 15975 | Elf:3    | Killed a deep elf sorcerer
 16034 | Elf:3    | Noticed a deep elf master archer
 16058 | Elf:3    | Killed a deep elf master archer
 16058 | Elf:3    | Reached XP level 15. HP: 66/110 MP: 23/23
 16163 | Elf:3    | Reached skill level 16 in Armour
 16371 | Elf:3    | Noticed a deep elf master archer
 16401 | Elf:3    | Killed a deep elf master archer
 16535 | Elf:3    | Got a translucent executioner's axe {venom}
 16700 | Elf:3    | Reached skill level 5 in Fighting
 16709 | Elf:3    | Noticed a deep elf master archer
 16727 | Elf:3    | Killed a deep elf master archer
 16839 | Elf:3    | Identified the ring "Maleyvel" {*Slow rF+ Dex+3 Slay+2} (You took it off a deep elf elementalist on level 3 of the Elven Halls)
 16981 | Elf:3    | Noticed a deep elf master archer
 17007 | Elf:3    | Killed a deep elf master archer
 17056 | Elf:3    | Gained mutation: You are partially covered in yellow scales. (AC +2) [a cacodemon]
 17064 | Elf:3    | Got a fine bone amulet
 17097 | Elf:3    | Noticed a deep elf blademaster
 17106 | Elf:3    | Killed a deep elf blademaster
 17250 | Elf:3    | Learned a level 2 spell: Passwall
 17253 | Elf:3    | Learned a level 2 spell: Swiftness
 17258 | Elf:3    | Learned a level 4 spell: Passage of Golubria
 17263 | Elf:3    | Identified the Compendium of Mutagenic Evil Rites
 17313 | Elf:3    | Identified Jidifos's Grimoire of Conjuration
 17375 | Elf:3    | Identified the amulet of the Princeling {RegenMP *Contam rC+ MP+9 Int+3} (You took it off a deep elf elementalist on level 3 of the Elven Halls)
 17392 | Elf:3    | Identified the Disquisition on Summoning and Transformation
 17512 | Elf:3    | Reached skill level 17 in Armour
 17644 | Elf:3    | Bought a scroll of teleportation for 48 gold pieces
 17644 | Elf:3    | Bought a scroll of teleportation for 48 gold pieces
 17644 | Elf:3    | Bought a scroll of remove curse for 48 gold pieces
 17644 | Elf:3    | Bought a scroll of identify for 32 gold pieces
 17644 | Elf:3    | Bought a scroll of identify for 32 gold pieces
 17644 | Elf:3    | Bought a scroll of magic mapping for 56 gold pieces
 17644 | Elf:3    | Identified the +6 longbow of Conscience {freeze, *Drain rElec rN+ SInv} (You found it on level 3 of the Abyss)
 17645 | Elf:3    | Identified the +6 executioner's axe "Tuodghioc" {venom, Fragile rPois Int+5} (You took it off a deep elf mage on level 3 of the Elven Halls)
 17700 | Elf:2    | Found a runed gate.
 17700 | Elf:2    | Found a runed gate.
 17700 | Elf:2    | Found a runed gate.
 17841 | Elf:1    | Reached XP level 16. HP: 106/124 MP: 25/25
 17908 | Elf:1    | Noticed Roxanne
 18439 | Elf:1    | Noticed a Tzitzimitl
 18597 | Elf:1    | Noticed an Ice Fiend
 19231 | Snake:1  | Entered Level 1 of the Snake Pit
 19575 | Snake:2  | Noticed Vashnia
 20119 | Snake:3  | Noticed Nikola
 20119 | Snake:3  | Got a pair of shimmering boots
 20127 | Snake:4  | Entered Level 4 of the Snake Pit
 20152 | Snake:4  | Identified the +1 pair of boots of Ifoybru {-Cast MP+9 Str+5 Stlth+} (You found it on level 3 of the Snake Pit)
 20180 | Snake:4  | Reached skill level 18 in Armour
 20382 | Snake:3  | Found Joathemurgh's Magic Scroll Shop.
 20393 | Snake:3  | Bought a scroll of enchant weapon for 142 gold pieces
 20393 | Snake:3  | Bought a scroll of magic mapping for 66 gold pieces
 20393 | Snake:3  | Bought a scroll of identify for 38 gold pieces
 20416 | Snake:3  | Reached XP level 17. HP: 132/134 MP: 26/26
 21048 | Snake:4  | Got a serpentine rune of Zot
 21123 | Snake:4  | Found Lirisa's Jewellery Shoppe.
 21128 | Snake:4  | Found Xotoli's Armour Emporium.
 21740 | Lair:4   | Killed Kirke
 22120 | D:14     | Paralysed by an orc sorcerer for 6 turns
 22161 | D:14     | Found a gate to the Vaults.
 22197 | Vaults:1 | Entered Level 1 of the Vaults
 22512 | Vaults:2 | Reached XP level 18. HP: 131/146 MP: 27/27
 22537 | Vaults:2 | Reached skill level 19 in Armour
 22921 | Vaults:1 | Found a portal to a secret trove of treasure.
 23293 | Vaults:2 | Reached skill level 10 in Fighting
 23654 | Vaults:3 | Upgraded the game from 0.21-a0-143-g1ab7d47 to 0.21-a0-150-gc243083
 23845 | Vaults:3 | Found a ruined gateway.
 23854 | Desolati | Entered the Desolation of Salt
 23971 | Desolati | Identified the ring "Nuheof" {Wiz rPois rN+++ Dex+2 Stlth-} (You found it in the Desolation of Salt)
 23978 | Desolati | Learned a level 5 spell: Lee's Rapid Deconstruction
 24014 | Desolati | Identified Savvoin's Disquisition on Vitriolic Translocation
 24016 | Desolati | Identified the ring of Quanodyi {Fire Int+4} (You found it in the Desolation of Salt)
 24225 | Desolati | Reached XP level 19. HP: 156/156 MP: 28/28
 24242 | Desolati | Identified the ring "Ipavvu" {rN+ MR+ Stlth+} (You found it in the Desolation of Salt)
 24250 | Desolati | Identified the cursed +0 fire dragon scales of Leapfrog {+Inv +Fly rF++ rC- Int+3} (You found it in the Desolation of Salt)
 24627 | Vaults:3 | Reached skill level 10 in Dodging
 24652 | Vaults:2 | Reached skill level 20 in Armour
 25165 | Vaults:4 | Noticed Boris
 25743 | Vaults:4 | Killed Boris
 26031 | Vaults:4 | Reached skill level 5 in Spellcasting
 26082 | Vaults:4 | Noticed Bai Suzhen
 26106 | Vaults:4 | Killed Bai Suzhen
 26574 | D:15     | Found a staircase to the Depths.
 26596 | Depths:1 | Entered Level 1 of the Depths
 26614 | Depths:1 | Reached XP level 20. HP: 167/167 MP: 32/32
 26991 | Depths:1 | Reached skill level 21 in Armour
 27132 | Depths:2 | Learned a level 8 spell: Controlled Blink
 27177 | Depths:2 | Reached skill level 1 in Translocations
 27419 | Depths:2 | Noticed a golden dragon
 27461 | Depths:2 | Killed a golden dragon
 27651 | Depths:3 | Identified the +5 battleaxe of the Saviour {chop, +Blink rC+ rN+ Int+2} (You found it on level 3 of the Depths)
 27928 | Depths:3 | Found a one-way gate leading to the halls of Pandemonium.
 28080 | Depths:3 | Noticed Asterion
 28097 | Depths:3 | Killed Asterion
 28107 | Depths:3 | Reached skill level 5 in Translocations
 28174 | Depths:3 | Noticed Jory
 28196 | Depths:3 | Killed Jory
 28212 | Depths:3 | Found a gateway to Hell.
 28272 | Depths:3 | Reached XP level 21. HP: 176/176 MP: 36/36
 28291 | Depths:3 | Found a gateway to a ziggurat.
 28925 | Depths:4 | Found a one-way gate to the infinite horrors of the Abyss.
 29270 | Depths:4 | Noticed Mara
 29273 | Depths:4 | Noticed 4thArraOfDagon's illusion
 29276 | Depths:5 | Entered Level 5 of the Depths
 29356 | Depths:5 | Noticed a juggernaut
 29372 | Depths:5 | Killed a juggernaut
 29410 | Depths:4 | Paralysed by a lich for 6 turns
 29449 | Depths:5 | Paralysed by a floating eye for 2 turns
 29471 | Depths:5 | Identified the +6 shield "Liamnill" {rElec Regen+ MP-9 Int+6} (You acquired it on level 5 of the Depths)
 29552 | Depths:5 | Reached skill level 22 in Armour
 29558 | Depths:5 | Found a gate to the Realm of Zot.
 29567 | Depths:5 | Identified the cursed +1 plate armour "Olekh" {rElec rPois rF++} (You found it on level 5 of the Depths)
 29883 | Depths:5 | Noticed a golden dragon
 29893 | Depths:5 | Killed a golden dragon
 30471 | Vaults:1 | You paid a toll of +2 shadow dragon scales to enter a treasure trove
 30472 | Trove    | Entered a treasure trove
 30946 | Lair:4   | Found a staircase to the Swamp.
 30954 | Swamp:1  | Entered Level 1 of the Swamp
 30955 | Swamp:1  | Noticed Donald
 30991 | Swamp:1  | Killed Donald
 31547 | Swamp:2  | Reached XP level 22. HP: 185/185 MP: 40/40
 31801 | Swamp:4  | Entered Level 4 of the Swamp
 32168 | Swamp:4  | Got a decaying rune of Zot
 32423 | Slime:1  | Entered Level 1 of the Pits of Slime
 32443 | Slime:2  | Reached skill level 10 in Translocations
 32650 | Slime:5  | Entered Level 5 of the Pits of Slime
 32658 | Slime:5  | Noticed Dissolution
 32875 | Slime:4  | Gained mutation: You are clumsy. (Dex -2) [a shining eye]
 33026 | Slime:5  | Found a viscous altar of Jiyva.
 33033 | Slime:5  | Noticed the Royal Jelly
 33300 | Slime:5  | Killed the Royal Jelly
 33324 | Slime:5  | Identified the ring "Ovvuf" {+Fly rPois Int+3} (You found it on level 5 of the Pits of Slime)
 33332 | Slime:5  | Identified the Almanac of the Oath
 33339 | Slime:5  | Learned a level 3 spell: Spectral Weapon
 33345 | Slime:5  | Got a pitted wooden ring
 33357 | Slime:5  | Identified the ring "Ymaut" {MR++ AC+3} (You found it on level 5 of the Pits of Slime)
 33378 | Slime:5  | Got a slimy rune of Zot
 33380 | Slime:5  | Identified the +3 morningstar of Naihip {freeze, +Inv rC- Str+7 Int+4} (You found it on level 5 of the Pits of Slime)
 33381 | Slime:5  | Identified the Handbook of Evil Secrets
 33390 | Slime:5  | Learned a level 3 spell: Regeneration
 33824 | Vaults:5 | Entered Level 5 of the Vaults
 34040 | Vaults:5 | Reached XP level 23. HP: 162/195 MP: 42/42
 34075 | Vaults:5 | Got a silver rune of Zot
 34104 | Vaults:5 | Noticed Xtahua
 34117 | Vaults:5 | Killed Xtahua
 34117 | Vaults:5 | Reached skill level 23 in Armour
 34273 | Vaults:5 | Reached skill level 10 in Spellcasting
 34303 | Vaults:5 | Noticed Boris
 34345 | Vaults:5 | Noticed Sojobo
 34365 | Vaults:5 | Killed Sojobo
 34552 | Vaults:5 | Noticed an ancient lich
 34568 | Vaults:5 | Killed an ancient lich
 34760 | Vaults:5 | Identified the amulet of Mall {Inacc Int+2} (You found it on level 5 of the Vaults)
 34773 | Vaults:5 | Identified the Reference Book on Gliding Curses
 34781 | Vaults:5 | Learned a level 6 spell: Deflect Missiles
 34854 | Vaults:5 | Identified a +2 pair of boots of running (You found it on level 5 of the Vaults)
 35337 | Vaults:5 | Reached skill level 15 in Fighting
 35808 | Zig:1    | Entered Level 1 of a ziggurat
 35820 | Zig:1    | Reached XP level 24. HP: 206/206 MP: 43/43
 35828 | Zig:2    | Entered Level 2 of a ziggurat
 35853 | Zig:2    | :O
 35854 | Zig:3    | Entered Level 3 of a ziggurat
 35859 | Zig:3    | Noticed a greater mummy
 35889 | Zig:3    | Killed a greater mummy
 36097 | Zig:4    | Entered Level 4 of a ziggurat
 36164 | Zig:5    | Entered Level 5 of a ziggurat
 36179 | Zig:5    | Reached skill level 1 in Necromancy
 36211 | Zig:5    | Reached skill level 1 in Charms
 36230 | Zig:6    | Entered Level 6 of a ziggurat
 36269 | Zig:6    | Identified Easy Spellweaving
 36278 | Zig:6    | Learned a level 2 spell: Sublimation of Blood
 36294 | Zig:7    | Entered Level 7 of a ziggurat
 36383 | Zig:7    | Identified Egasas's Catalogue of Feathery Transmutation
 36473 | Zig:8    | Entered Level 8 of a ziggurat
 36544 | Zig:8    | Reached skill level 24 in Armour
 36544 | Zig:8    | Reached XP level 25. HP: 102/213 MP: 44/44
 36663 | Zig:9    | Entered Level 9 of a ziggurat
 36671 | Zig:9    | Noticed an ancient lich
 36671 | Zig:9    | Noticed an ancient lich
 36684 | Zig:9    | Reached XP level 26. HP: 217/221 MP: 44/44
 36687 | Zig:10   | Entered Level 10 of a ziggurat
 36743 | Zig:10   | Reached skill level 5 in Necromancy
 36970 | Zig:11   | Entered Level 11 of a ziggurat
 37081 | Zig:11   | Noticed an ancient lich
 37103 | Zig:11   | Killed an ancient lich
 37662 | Zot:1    | Entered Level 1 of the Realm of Zot
 37737 | Zot:1    | Noticed an orb of fire
 37741 | Zot:1    | Gained mutation: You are frail. (-10% HP) [an orb of fire]
 37763 | Zot:1    | Killed an orb of fire
 37763 | Zot:1    | Reached skill level 5 in Charms
 37801 | Zot:1    | Reached skill level 15 in Translocations
 38771 | Vaults:3 | Found a staircase to the Crypt.
 38786 | Crypt:1  | Entered Level 1 of the Crypt
 38794 | Crypt:1  | Noticed Mennas
 38919 | Vaults:3 | Killed Mennas
 39900 | Crypt:3  | Entered Level 3 of the Crypt
 40048 | Crypt:3  | Found an ancient bone altar of Kikubaaqudgha.
 40216 | Crypt:3  | Noticed an ancient lich
 40234 | Crypt:3  | Killed an ancient lich
 40234 | Crypt:3  | Reached XP level 27. HP: 167/204 MP: 34/45
 40243 | Crypt:3  | Identified Kikubaaqudgha's Incunabulum of Sinister Arts
 40250 | Crypt:3  | Learned a level 5 spell: Dispel Undead
 40932 | Crypt:3  | Found a staircase to the Tomb.
 40958 | Tomb:1   | Entered Level 1 of the Tomb of the Ancients
 41616 | Tomb:2   | HP: 8/197 [death scarab (18)]
 41617 | Tomb:2   | HP: 3/197 [freezing wraith[a mummy priest] (6)]
 41617 | Tomb:2   | Slain by a freezing wraith

Vault maps used:
D:1:      dpeg_arrival_long_road, minmay_misc_feat_five, minivault_24,
          minmay_tromino_v4_c
D:2:      fedhas_altar_1, overflow_temple_1_default
D:3:      kennysheep_goblin_castle, first_bread
D:4:      uniq_blork_the_orc
D:5:      nicolae_overflow_hidden_temple, nicolae_overflow_crystal_walls,
          minmay_temple_entry_enclosed_plants, nicolae_tso_carved_into_rock
D:6:      kb_forest_paths, nemelex_xobeh_ov_fountains_minmay, sword_in_stone,
          uniq_edmund
D:7:      serial_shops, shop, shop, nicolae_shop_waterfront, xom_teletrap_fun
D:8:      yredelemnul_altar_generic, marbit_many_paths, lair_entry_dummy,
          hangedman_ranch
D:9:      kennysheep_little_box
D:10:     kennysheep_spiral_hall, uniq_maurice
D:11:     david_orc_5, uniq_gastronok
D:12:     uniq_snorg
D:13:     lab_entry_generic, cheibriados_altar_1
D:14:     grunt_vaults_entry_fortified,
          nicolae_gozag_cash_rules_everything_around_me
D:15:     grunt_enter_depths_snipers, minivault_26
Lair:2:   nicolae_volcano_entry_lava_flow, st_stairs_10, grunt_megastairs_2,
          uniq_sonja
Lair:3:   minivault_25
Lair:4:   onia_ninara_swampy_vault, minmay_swamp_entry_worms,
          minmay_snake_entry_guardpost_medium, st_stairs_10, uniq_nessos,
          uniq_kirke
Lair:5:   slime_altar_1
Lair:6:   minmay_lair_end_enchanted_forest, st_stairs_6
Swamp:1:  hangedman_swamp_ruin_wall, swamp_pool3,
          nicolae_swamp_feature_on_the_river_bank, uniq_donald
Swamp:2:  evilmike_swamp_ruin_house_6, infiniplex_staircase_pool_2
Swamp:3:  evilmike_swamp_ruin_house_2, swamp_pool1
Swamp:4:  swamp_fiery
Snake:1:  serial_bayou_pond_c, dpeg_stationary_puzzle, grunt_megastairs_3
Snake:2:  grunt_ministairs_15, uniq_vashnia, uniq_aizul
Snake:3:  serial_bayou, serial_bayou_lagoon_b, serial_bayou_lagoon_a,
          serial_bayou_crossing, serial_bayou_pond_b, serial_bayou_pond_a,
          serial_bayou_lake_a, serial_shops, shop, uniq_nikola
Snake:4:  snake_pit, basic_altar, nicolae_snake_shapes, minmay_shoptagon
Slime:1:  cheibrodos_slime_lost_civilization_7
Slime:3:  cheibrodos_slime_lost_civilization_4
Slime:5:  uniq_dissolution
Orc:1:    uniq_erolcha
Orc:2:    st_orc_elflike
Elf:1:    minmay_elf_arrival_plus, orc_legates, uniq_roxanne
Elf:2:    serial_shops, shop, uniq_azrael
Elf:3:    minmay_elf_hall_hex, serial_shops, nicolae_shop_stone,
          nicolae_shop_competitors_out_of_business, shop, shop,
          minmay_misc_feat_cross
Vaults:1: nicolae_vaults_little_squares_6, v_misc_1, v_misc_1,
          nicolae_vaults_little_squares_4, nicolae_vaults_alarming,
          vaults_standard_mumra_enter_the_diamond, v_rooms_4,
          ontoclasm_vaults_chip, vaults_dpeg_encased_lava, vaults_dpeg_ring,
          nicolae_trove_entry_diagonal
Vaults:2: v_misc_14, v_rooms_4, nicolae_vaults_little_squares_3, v_misc_13,
          nicolae_vaults_asterisk, nicolae_vaults_meeting,
          dpeg_vaults_monster_box, nicolae_vaults_diagonal_hallway_7
Vaults:3: grunt_vaults_focal, hangedman_vaults_river_flow,
          nicolae_vaults_windows_and_doors_thing, vaults_room_semicircle,
          v_misc_14, nicolae_vaults_little_ls, ontoclasm_vaults_misaligned,
          nicolae_vaults_diagonal_hallway_7, st_squares, vaults_room_door_hall,
          vaults_dpeg_diagonal, vaults_mumra_chevron_long,
          nicolae_vaults_mini_display_case, v_misc_22, nicolae_vaults_rhombus_6,
          minmay_crypt_entry_simple_walls, portal_desolation_entry_nicolae_slug
Vaults:4: st_spiral_rooms, hangedman_vaults_locks, v_misc_26,
          ontoclasm_vaults_loading_screen, v_misc_5,
          vaults_standard_mumra_lines, nicolae_vaults_network_quinsquares,
          grunt_vaults_funnel, nicolae_vaults_rhombus_6,
          vaults_room_stairs_pillars, vaults_room_pool, uniq_bai_suzhen,
          uniq_boris
Vaults:5: serial_shops, uniq_xtahua, uniq_sojobo, uniq_boris
Crypt:1:  uniq_mennas
Crypt:2:  corner_web_ring, minivault_25
Crypt:3:  evilmike_haunted_forest
Depths:1: grunt_hell_entry_demonic_statue, serial_sigils_hangedman_confine,
          minmay_fountain_box, interstate_on_off, kennysheep_generic_room_15,
          serial_bayou_shore_b
Depths:2: minmay_guarded_unrand_guard, nicolae_wwwww, hell_entry,
          nicolae_alphabet_shops, minmay_staircase_statues, firewood_loft,
          serial_bayou_shore_b
Depths:3: hangedman_hanging_gardens, enter_ziggurat_a, rand_demon_pan_entry_1,
          pf_coc_iceberg, infiniplex_staircase_spiral_double, uniq_jory,
          uniq_asterion
Depths:4: minmay_the_grid_octo_tiled_squarecenter, chequers_big_river,
          rand_demon_pan_entry_3, abyss_entry, hangedman_geh_valley, uniq_mara
Depths:5: grunt_zot_entry_alcove, hangedman_abyss_or_decor_stabs, pan_entry,
          hell_entry
Zot:2:    grunt_zot_stairs_overgrown, st_stairs_5, hangedman_zot_decor_tridents
Abyss:3:  patterned_corridor
Zig:9:    ziggurat_pillar_centre_smoke
Zig:10:   ziggurat_pillar_centre_dead_trees
Zig:11:   ziggurat_pillar_centre_oklobs
Lab:      labyrinth_spiral, labyrinth_skeletal_remains, nicolae_lab_dead_end,
          nicolae_lab_starburst, nicolae_lab_swirl, nicolae_lab_grate,
          lab_fountain, nicolae_lab_t_cross, nicolae_lab_grate_2,
          nicolae_lab_plus, nicolae_lab_arrow, nicolae_lab_garden,
          nicolae_lab_do_over
Trove:    trove_misc_throne_room
Volcano:  volcano_tomb

Skill      XL: |  1  2  3  4  5  6  7  8  9 10 11 12 13 14 15 16 17 18 19 20 21 22 23 24 25 26 27 |
---------------+----------------------------------------------------------------------------------+-----
Conjurations   | 1 2 3 4 5 |  5.5
Spellcasting   | 3 5 7 8 9 11 12 13 | 13.2
Dodging        | 3 5 6 8 9 11 12 13 | 13.2
Fighting       | 2 4 6 7 9 10 11 12 13 14 15 | 15.0
Axes           | 2 5 7 9 11 13 14 16 17 18 19 20 | 20.0
Armour         | 4 6 8 11 12 14 15 17 18 19 20 21 22 23 24 | 24.1
Evocations     | 1 3 4 |  4.3
Translocations | 5 9 11 13 14 16 17 | 17.8
Necromancy     | 3 4 8 |  8.7
Charms         | 2 3 6 |  6.0
Stealth        | |  1.7
Summonings     | |  0.8

Action                   |  1- 3 |  4- 6 |  7- 9 | 10-12 | 13-15 | 16-18 | 19-21 | 22-24 | 25-27 || total
-------------------------+-------+-------+-------+-------+-------+-------+-------+-------+-------++-------
Melee: Unarmed           |    12 |       |       |       |       |       |       |       |       ||    12
       Whip              |     4 |    27 |       |       |       |       |       |       |       ||    31
       Dire flail        |       |    23 |       |       |       |       |       |       |       ||    23
       Flail             |       |    16 |    59 |       |       |       |       |       |       ||    75
       Broad axe         |       |       |   205 |   202 |       |       |       |       |       ||   407
       Falchion          |       |       |     4 |       |       |       |       |       |       ||     4
       Battleaxe         |       |       |       |   718 |  1368 |  1785 |  1896 |  1401 |  1283 ||  8451
 Fire: Blowgun           |       |     9 |       |       |       |       |       |       |       ||     9
Throw: Javelin           |     9 |    14 |       |       |       |       |       |       |       ||    23
 Cast: Magic Dart        |    88 |    66 |    65 |    36 |       |       |       |       |       ||   255
       Mephitic Cloud    |       |     7 |    40 |    10 |       |       |       |       |       ||    57
       Conjure Flame     |       |     2 |    12 |    11 |       |       |       |       |       ||    25
       Regeneration      |       |       |       |       |       |       |       |       |    75 ||    75
       Spectral Weapon   |       |       |       |       |       |       |       |       |     5 ||     5
       Passage of Golubr |       |       |       |       |       |       |       |       |     2 ||     2
       Swiftness         |       |       |       |       |       |       |       |       |     1 ||     1
       Apportation       |       |       |       |       |       |       |       |       |     1 ||     1
 Abil: Evoke Berserk Rag |       |       |       |     3 |       |       |       |       |       ||     3
Evoke: Wand              |       |       |    10 |     5 |    27 |     7 |     3 |     3 |     5 ||    60
       Fan of gales      |       |       |       |       |       |     1 |       |       |       ||     1
       Lamp of fire      |       |       |       |       |       |     1 |       |       |       ||     1
       Box of beasts     |       |       |       |       |       |       |     2 |     3 |     4 ||     9
       Phantom mirror    |       |       |       |       |       |       |     1 |     1 |     3 ||     5
  Use: Scroll            |       |       |     7 |    24 |    30 |    10 |    14 |     9 |    11 ||   105
       Potion            |       |       |       |     5 |    14 |    13 |     3 |    10 |     9 ||    54
 Stab: Sleeping          |       |     2 |       |     1 |       |       |       |       |       ||     3
       Confused          |       |       |    12 |    11 |     2 |       |       |       |       ||    25
       Distracted        |       |       |     1 |     3 |     1 |       |     2 |     2 |     2 ||    11
       Invisible         |       |       |       |       |     7 |       |       |       |       ||     7
       Petrified         |       |       |       |       |       |       |     4 |       |       ||     4
       Petrifying        |       |       |       |       |       |       |     2 |       |       ||     2
  Eat: Chunk             |       |     4 |    12 |    37 |     8 |     8 |    12 |     2 |     5 ||    88
       Royal jelly       |       |       |     1 |     6 |     3 |     4 |     2 |       |     2 ||    18
       Fruit             |       |       |       |    18 |     1 |     8 |    13 |     4 |       ||    44
       Bread ration      |       |       |       |     3 |       |       |       |       |     1 ||     4
       Meat ration       |       |       |       |     1 |     2 |       |       |     3 |     2 ||     8
Armor: Robe              |    12 |    37 |    41 |    57 |       |       |       |       |       ||   147
       Chain mail        |       |       |    43 |   108 |       |       |       |       |       ||   151
       Gold dragon scale |       |       |       |   653 |  1577 |  1472 |  1578 |  1446 |  1001 ||  7727
Dodge: Dodged            |    39 |    88 |   173 |   397 |   537 |   947 |  1392 |  1393 |   847 ||  5813
       Rpst.: Falchion   |       |       |     1 |       |       |       |       |       |       ||     1
